 Dungeon Crawl Stone Soup version 0.29-a0-284-gf9362112df (webtiles) character file.

Game seed: 15709716775586330632

77 gzilladon the Chopper (level 4, -6/40 HPs)
             Began as a Hill Orc Monk on Mar 25, 2022.
             Mangled by a gnoll
             ... wielding a +2 vorpal flail
              (12 damage)
             ... on level 3 of the Dungeon.
             The game lasted 00:10:11 (2958 turns).

gzilladon the Chopper (Hill Orc Monk)               Turns: 2958, Time: 00:10:11

Health: -6/40      AC:  3    Str: 15    XL:     4   Next: 34%
Magic:  4/4        EV: 16    Int: 10    God:
Gold:   235        SH:  0    Dex: 13    Spells: 3/3 levels left

rFire   . . .      SeeInvis .   a - +0 hand axe
rCold   . . .      Faith    .   (no shield)
rNeg    . . .      Spirit   .   r - +0 leather armour
rPois   .          Reflect  .   (no helmet)
rElec   .          Harm     .   (no cloak)
rCorr   .          Rampage  .   (no gloves)
Will    .....                   (no boots)
Stlth   ++........              (no amulet)
HPRegen 0.13/turn               k - ring of wizardry
MPRegen 0.09/turn               n - +4 ring of evasion

@: no status effects
A: no striking features
a: no special abilities


You were on level 3 of the Dungeon.
You visited 1 branch of the dungeon, and saw 3 of its levels.

You collected 235 gold pieces.

Inventory:

Hand Weapons
 a - a +0 hand axe (weapon)
Missiles
 e - 69 stones (quivered)
Armour
 b - a +0 robe
 r - a +0 leather armour (worn)
Jewellery
 k - a ring of wizardry (left hand)
 m - a ring of ice
 n - a +4 ring of evasion (right hand)
Scrolls
 c - a scroll of blinking {unknown}
 d - 2 scrolls of silence {unknown}
 f - a scroll of enchant armour {unknown}
 h - a scroll of vulnerability {unknown}
 j - a scroll of fog {unknown}
 o - a scroll of identify {unknown}
 q - 3 scrolls of summoning {unknown}
 s - a scroll of fear {unknown}
Potions
 g - a potion of cancellation {unknown}
 i - a potion of resistance {unknown}
 l - a potion of attraction {unknown}
 p - a potion of lignification {unknown}


   Skills:
 * Level 4.2 Fighting
 * Level 5.6 Axes
 + Level 2.9 Dodging
 - Level 1.5 Stealth


You had 3 spell levels left.
You didn't know any spells.
Your spell library contained the following spells:

 Spells                   Type           Power      Damage    Failure   Level
 Fireball                 Conj/Fire      0%         3d3       99%         5
 Starburst                Conj/Fire      0%         6d3       100%        6
 Ignition                 Fire           0%         3d3       100%        8


Dungeon Overview and Level Annotations

Branches:
Dungeon (3/15)

Altars:


Message History

Found a book of Fire.
A gnoll comes into view. It is wielding a +0 club.
Found a scroll labelled ZODIPO PIMUUPRO.
The gnoll shouts!
A gnoll comes into view. It is wielding a +2 vorpal flail.
A gnoll comes into view. It is wielding a +0 club.
You see here a book of Fire.
You pick up a book of Fire and begin reading...
You add the spells Fireball, Starburst and Ignition to your library.
You closely miss the gnoll. The gnoll hits you with a +0 club.
You closely miss the gnoll.
The gnoll shouts!
The gnoll hits you with a +0 club.
You hit the gnoll.
The gnoll is heavily wounded.
The gnoll misses you.
You slash the gnoll!
You kill the gnoll!
A kobold comes into view. It is wielding a +0 dagger.
You see here a +0 club.
You hit the gnoll.
The gnoll is moderately wounded.
The gnoll closely misses you.
You closely miss the gnoll.
The gnoll is moderately wounded.
You hit the gnoll but do no damage. The gnoll hits you with a +0 club.
The gnoll hits you with a +2 vorpal flail!
You barely miss the gnoll. You punch the gnoll.
The gnoll is moderately wounded.
You hit the gnoll.
The gnoll hits you with a +2 vorpal flail!
* * * LOW HITPOINT WARNING * * *
x2 The gnoll hits you with a +0 club.
* * * LOW HITPOINT WARNING * * *
Unknown command.
You hit the gnoll.
The gnoll is severely wounded.
You hit the gnoll but do no damage.
The gnoll hits you with a +2 vorpal flail!
You die...

###### ####### #....#
......# #....# #....#
#....# #....# #.@..# .
#....# #.gg.#
..####....###..K.##
..................###
......................
..####..#####..##.####
........#$($#.......
........#?[$#.........
........#$!!#..###.#..


You could see 2 gnolls and a kobold.

Vanquished Creatures
  A gnoll (D:3)
  2 dart slugs (D:1)
  5 ball pythons
  5 endoplasms
  4 giant cockroaches
  8 hobgoblins
  4 jackals (D:2)
  3 quokkas (D:1)
  5 bats
  10 frilled lizards
  2 goblins
  9 kobolds
  3 rats (D:1)
61 creatures vanquished.

Vanquished Creatures (others)
  A fungus (D:2)
  8 plants (D:1)
  4 toadstools (D:2)
13 creatures vanquished.

Grand Total: 74 creatures vanquished

Notes
Turn   | Place    | Note
-------+----------+-------------------------------------------
     0 | D:1      | gzilladon the Hill Orc Monk began the quest for the Orb.
     0 | D:1      | Reached XP level 1. HP: 19/19 MP: 1/1
   165 | D:1      | Reached XP level 2. HP: 9/27 MP: 2/2
  1163 | D:1      | Reached XP level 3. HP: 33/33 MP: 3/3
  1175 | D:1      | Reached skill level 5 in Axes
  2506 | D:2      | Reached XP level 4. HP: 37/40 MP: 4/4
  2631 | D:2      | Found a faded altar of an unknown god.
  2958 | D:3      | Mangled by a gnoll

Illustrated notes

Levels and vault maps discovered:
D:1:      psy_arrival_whirlpool, layout_loops_corners, minmay_stone_trees_small,
          minivault_4, lexackson_kobold_supper
D:2:      layout_loops_cross, shapermc_ecumenical_altar_mp_highgroup,
          minmay_gold_behind_fungi
D:3:      layout_basic, kennysheep_small_spiral, due_unseen_surprise

Skill      XL: |  1  2  3 |
---------------+----------+-----
Axes           | 5 |  5.6
Fighting       | 4 |  4.2
Dodging        | |  2.9
Stealth        | |  1.5

Action                   |  1- 3 |  4- 6 || total
-------------------------+-------+-------++-------
Melee: Hand axe          |   149 |    33 ||   182
       Punch             |     1 |     1 ||     2
  Use: Potion            |     1 |       ||     1
Armor: Robe              |    22 |     2 ||    24
       Leather armour    |       |     2 ||     2
Dodge: Dodged            |   146 |    24 ||   170

Table legend: (Time is in decaauts)
 A = Elapsed time spent in this place.
 B = Non-inter-level travel time spent in this place.
 C = Inter-level travel time spent in this place.
 D = Time resting spent in this place.
 E = Time spent auto-exploring this place.
 F = Levels seen in this place.
 G = Mean time per level.
                   A        B        C        D        E       F      G
               +--------+--------+--------+--------+--------+-----+--------+
         Total |   2969 |   2778 |    191 |    578 |      0 |   3 |  989.7 |
       Dungeon |   2969 |   2778 |    191 |    578 |      0 |   3 |  989.7 |
               +--------+--------+--------+--------+--------+-----+--------+

Top non-repeatable levels by time:
     D:1: 1874 daAuts
     D:2: 941 daAuts
     D:3: 153 daAuts
